 Dungeon Crawl Stone Soup version 0.23-b1-6-ga921848 (webtiles) character file.

Game seed: 17199142573638931172

10126 HEYYEYAAE the Fighter (level 11, -5/82 HPs)
             Began as an Octopode Hunter on Feb 2, 2019.
             Was a High Priest of Okawaru.
             Slain by a red ugly thing (22 damage)
             ... on level 12 of the Dungeon.
             The game lasted 00:20:13 (15796 turns).

HEYYEYAAE the Fighter (Octopode Hunter)            Turns: 15796, Time: 00:20:13

Health: -5/82      AC:  1    Str:  9    XL:     11   Next: 57%
Magic:  16/16      EV: 20    Int: 14    God:    Okawaru [*****.]
Gold:   308        SH:  0    Dex: 18    Spells: 10/10 levels left

rFire    . . .     SeeInvis +   a - +1 hand crossbow
rCold    . . .     Gourm    .   (no shield)
rNeg     . . .     Faith    .   (helmet restricted)
rPois    +         Spirit   .   (no amulet)
rElec    .         Reflect  .   e - ring of poison resistance
rCorr    +         Harm     .   j - ring of resist corrosion
MR       +....                  s - ring of see invisible
Stlth    +++.......             G - +2 ring of dexterity
HPRegen  0.23/turn              (no ring)
MPRegen  0.15/turn              (no ring)
                                (no ring)
                                (no ring)

@: hasted, drained, very quick
A: almost no armour, stealthy swim, amphibious, 8 rings, constrict 8, camouflage
1, see invisible, magic resistance 1, poison resistance, weak 1, gelatinous body
1
a: Heroism, Finesse, Renounce Religion


You were on level 12 of the Dungeon.
You worshipped Okawaru.
Okawaru was extremely pleased with you.
You were hungry.

You visited 2 branches of the dungeon, and saw 13 of its levels.

You collected 803 gold pieces.
You spent 495 gold pieces at shops.

Inventory:

Hand Weapons
 a - a +1 hand crossbow (weapon)
 o - a +2 dagger of venom
 v - a +0 shortbow
 x - a +1 long sword of slicing
Missiles
 c - 35 bolts (quivered)
 h - 116 arrows
Armour
 p - a +0 shield
Jewellery
 e - a ring of poison resistance (left tentacle)
 i - an uncursed ring of flight {unknown}
 j - a ring of resist corrosion (right tentacle)
 s - a ring of see invisible (on tentacle)
 G - a +2 ring of dexterity (on tentacle)
Wands
 C - a wand of random effects (19)
Scrolls
 b - 8 scrolls of remove curse
 f - 3 scrolls of amnesia
 l - a scroll of silence
 q - 3 scrolls of magic mapping
 A - 2 scrolls of random uselessness
 E - 2 scrolls of enchant armour
Potions
 g - a potion of might
 k - 4 potions of curing
 m - 4 potions of brilliance
 n - a potion of heal wounds
 r - 2 potions of mutation
 u - 4 potions of degeneration
 w - 2 potions of lignification
 B - a potion of berserk rage
 F - a potion of flight
Comestibles
 d - 23 rations


   Skills:
 * Level 10.5(9.7) Fighting
 + Level 8.4(7.6) Crossbows
 * Level 10.4(9.6) Dodging
 - Level 1.3(0.7) Stealth
 - Level 3.5(2.9) Shields
 + Level 7.0(6.2) Invocations


You had 10 spell levels left.
You didn't know any spells.
Your spell library contained the following spells:

 Spells                   Type           Power        Failure   Level  Hunger
 Animate Skeleton         Necr           N/A          28%         1    ##.....
 Apportation              Tloc           #.....       28%         1    ##.....
 Confusing Touch          Hex            #.....       28%         1    ##.....
 Pain                     Necr           #...         28%         1    ##.....
 Sandblast                Erth           #.....       28%         1    ##.....
 Summon Small Mammal      Summ           #...         28%         1    ##.....
 Call Imp                 Summ           #.......     41%         2    ###....
 Passwall                 Tmut/Erth      #.......     41%         2    ###....
 Call Canine Familiar     Summ           #.......     65%         3    ####...
 Regeneration             Chrm/Necr      #.........   65%         3    ####...
 Stone Arrow              Conj/Erth      #.....       65%         3    ####...
 Summon Guardian Golem    Hex/Summ       #.......     65%         3    ####...
 Vampiric Draining        Necr           #.........   65%         3    ####...
 Animate Dead             Necr           N/A          96%         4    #####..
 Petrify                  Tmut/Erth      #.......     96%         4    #####..
 Summon Ice Beast         Ice/Summ       #.......     96%         4    #####..
 Summon Lightning Spire   Summ/Air       #.......     96%         4    #####..
 Lee's Rapid Deconstruct  Erth           #.........   100%        5    ######.


Dungeon Overview and Level Annotations

Branches:
Dungeon (12/15)            Temple (1/1) D:5             Orc (0/2) D:10
   Lair: D:8-11

Altars:
Ashenzari
Cheibriados
Dithmenos
Elyvilon
Fedhas
Gozag
Hepliaklqana
Kikubaaqudgha
Makhleb
Nemelex Xobeh
Okawaru
Qazlal
Ru
Sif Muna
Trog
Uskayaw
Vehumet
Wu Jian
Xom
Yredelemnul
Zin
The Shining One
Beogh

Shops:
D:6 *   D:8 !

Annotations:
D:11 Sonja


Innate Abilities, Weirdness & Mutations

You cannot wear most types of armour.
You are very stealthy in the water. (Stealth+)
You are amphibious.
You can wear up to eight rings at the same time.
You can use your tentacles to constrict eight enemies at once.
Your skin changes colour to match your surroundings (Stealth+).
Your rubbery body absorbs attacks. (AC +1, EV +1)
You have supernaturally acute eyesight. (SInv)
You are resistant to hostile enchantments. (MR+)
Your system is resistant to poisons. (rPois)
You are weak. (Str -2)


Message History

(Key replay ran out of keys)
Okay, then.
Evoke which item? (* to show all) (? for menu, Esc to quit)
Aiming: Random Effects
Press: ? - help, Shift-Dir - straight line, f/p - red ugly thing
Aim: a red ugly thing The red ugly thing seems to speed up.
The red ugly thing completely misses you.
The red ugly thing closely misses you.
Okay, then.
You feel yourself speed up. The red ugly thing headbutts you!
You are engulfed in flames!
The red ugly thing headbutts you!
You are engulfed in flames!!
* * * LOW HITPOINT WARNING * * *
The orc wizard gestures wildly while chanting.
The orc wizard flickers and vanishes for a moment.
The red ugly thing headbutts you.
* * * LOW HITPOINT WARNING * * *
You are engulfed in flames!!
You die...

## #.........(.......
#......)...####### #...######.#
#...# #.# #...# #.# #...# #.#
###############...######.#
.........................#####
................@u....o........
...............................
.....................#####.....
.....................# .....
############.........# .....
#.........# .... ###########
###


You could see a red ugly thing and an orc wizard (invisible).

Vanquished Creatures
  Harold (D:7)
  A two-headed ogre (D:8)
  Joseph (D:8)
  A gargoyle (D:10)
  A wraith (D:12)
  A shadow (D:12)
  6 yaks
  Eustachio (D:4)
  A hungry ghost (D:7)
  2 water moccasins
  A soldier ant (D:12)
  Duvessa (D:7)
  13 orc warriors
  2 sky beasts
  A necrophage (D:9)
  4 ice beasts
  A phantom (D:9)
  4 ogres
  4 centaurs
  6 bullfrogs
  A gnoll sergeant (D:9)
  Dowan (D:7)
  A water moccasin skeleton (D:4)
  2 scorpions
  5 killer bees (D:7)
  5 howler monkeys
  6 crimson imps
  A quasit (D:11)
  4 centaur skeletons
  4 jellies
  Crazy Yiuf (D:7)
  A bullfrog skeleton (D:7)
  13 orc priests
  4 hounds
  4 iguanas
  Natasha (twice) (D:4)
  23 orc wizards
  8 worker ants
  2 killer bee zombies
  A hound zombie (D:7)
  Robin (D:4)
  A howler monkey zombie (D:10)
  9 gnolls
  11 adders
  An ooze (D:5)
  An adder skeleton (D:4)
  3 adder zombies
  A worm (D:3)
  A dart slug (D:1)
  4 leopard geckos
  59 orcs
  3 giant cockroaches
  13 goblins
  6 hobgoblins
  12 jackals
  7 kobolds
  2 quokkas
  5 bats
  5 frilled lizards
  A leopard gecko skeleton (D:6)
  A quokka zombie (D:9)
  8 rats
297 creatures vanquished.

Vanquished Creatures (collateral kills)
  A jelly (D:12)
1 creature vanquished.

Vanquished Creatures (others)
  5 dream sheep (D:7)
  An orc wizard (D:7)
  A quokka (D:3)
7 creatures vanquished.

Grand Total: 305 creatures vanquished

Notes
Turn   | Place    | Note
-------+----------+-------------------------------------------
     0 | D:1      | HEYYEYAAE the Octopode Hunter began the quest for the Orb.
     0 | D:1      | Reached XP level 1. HP: 14/14 MP: 1/1
    68 | D:1      | Reached XP level 2. HP: 19/19 MP: 2/2
   734 | D:2      | Found a blossoming altar of Fedhas.
   735 | D:2      | Found a shattered altar of Ashenzari.
   738 | D:2      | Reached XP level 3. HP: 25/25 MP: 3/3
  1442 | D:3      | Found a white marble altar of Elyvilon.
  1450 | D:3      | Reached XP level 4. HP: 27/31 MP: 4/4
  2515 | D:4      | Noticed Natasha
  2564 | D:4      | Noticed Eustachio
  2579 | D:4      | Killed Eustachio
  2579 | D:4      | Reached skill level 1 in Shields
  2579 | D:4      | Reached XP level 5. HP: 5/37 MP: 5/5
  2579 | D:4      | Reached XP level 6. HP: 6/43 MP: 6/6
  2912 | D:4      | Killed Natasha
  2969 | D:4      | Noticed Robin
  2995 | D:5      | Entered Level 5 of the Dungeon
  3589 | D:5      | Reached skill level 5 in Crossbows
  3589 | D:5      | Reached XP level 7. HP: 35/49 MP: 7/7
  4126 | D:5      | Found a staircase to the Ecumenical Temple.
  4137 | Temple   | Entered the Ecumenical Temple
  4286 | Temple   | Became a worshipper of Warmaster Okawaru
  4588 | D:4      | Reached skill level 5 in Fighting
  4588 | D:4      | Reached skill level 5 in Dodging
  4842 | D:4      | Found a basalt altar of Yredelemnul.
  4914 | D:4      | Found Zin's Purification Station.
  4917 | D:4      | Found a glowing silver altar of Zin.
  4922 | D:4      | Bought a potion of curing for 90 gold pieces
  4946 | D:4      | Killed Robin
  5180 | D:4      | Noticed Natasha
  5185 | D:4      | Killed Natasha
  5534 | D:6      | Reached skill level 1 in Invocations
  5631 | D:6      | Reached XP level 8. HP: 44/56 MP: 8/8
  5842 | D:6      | Reached * piety under Okawaru
  6750 | D:6      | Reached XP level 9. HP: 39/63 MP: 11/11
  6790 | D:6      | Found Pynytzaf's Assorted Antiques.
  6798 | D:6      | Bought a potion of curing for 75 gold pieces
  6809 | D:6      | Reached ** piety under Okawaru
  8080 | D:7      | Found a shimmering altar of Xom.
  8313 | D:7      | Reached *** piety under Okawaru
  8346 | D:7      | Noticed Harold
  8410 | D:7      | Gained mutation: You are resistant to hostile enchantments.
                  | (MR+) [potion of mutation]
  8410 | D:7      | Gained mutation: You are weak. (Str -2) [potion of
                  | mutation]
  8410 | D:7      | Gained mutation: You have supernaturally acute eyesight.
                  | (SInv) [potion of mutation]
  8410 | D:7      | Gained mutation: Your system is resistant to poisons.
                  | (rPois) [potion of mutation]
  8433 | D:7      | Killed Harold
  8433 | D:7      | Reached XP level 10. HP: 37/72 MP: 13/13
  8605 | D:7      | Reached skill level 5 in Invocations
  9132 | D:7      | Noticed Duvessa
  9456 | D:7      | Noticed Dowan
  9471 | D:7      | Killed Duvessa
  9491 | D:7      | Killed Dowan
  9772 | D:7      | Found a runed translucent door.
  9773 | D:7      | Noticed Crazy Yiuf
 10061 | D:7      | Killed Crazy Yiuf
 10269 | D:8      | Noticed a two-headed ogre
 10281 | D:8      | Killed a two-headed ogre
 10281 | D:8      | Reached **** piety under Okawaru
 10637 | D:8      | Noticed Joseph
 10652 | D:8      | Killed Joseph
 10652 | D:8      | Received a gift from Okawaru
 10794 | D:8      | Found an opulent altar of Gozag.
 11007 | D:8      | Found Oroliock's Distillery.
 11010 | D:8      | Bought a potion of haste for 150 gold pieces
 11010 | D:8      | Bought a potion of agility for 60 gold pieces
 11010 | D:8      | Bought a potion of flight for 45 gold pieces
 11010 | D:8      | Bought a potion of heal wounds for 75 gold pieces
 11258 | D:8      | HP: 3/74 [yak (17)]
 11272 | D:8      | Reached XP level 11. HP: 40/80 MP: 15/15
 12475 | D:9      | Found a glowing golden altar of the Shining One.
 12668 | D:10     | Entered Level 10 of the Dungeon
 12668 | D:10     | Found a roughly hewn altar of Beogh.
 12668 | D:10     | Found a staircase to the Orcish Mines.
 12692 | D:10     | Reached skill level 10 in Fighting
 12823 | D:10     | Reached skill level 10 in Dodging
 13749 | D:10     | Reached ***** piety under Okawaru
 14462 | D:11     | Noticed Sonja
 15078 | D:12     | Received a gift from Okawaru
 15775 | D:12     | Noticed a red ugly thing
 15796 | D:12     | Slain by a red ugly thing

Skill      XL: |  1  2  3  4  5  6  7  8  9 10 11 |
---------------+----------------------------------+-----
Dodging        | 3 4 5 6 8 9 10 | 10.4
Fighting       | 3 4 5 6 8 9 10 | 10.5
Shields        | 1 2 3 |  3.5
Crossbows      | 5 6 7 8 |  8.4
Invocations    | 1 3 4 6 7 |  7.0
Stealth        | |  1.3

Action                   |  1- 3 |  4- 6 |  7- 9 | 10-12 || total
-------------------------+-------+-------+-------+-------++-------
Melee: Dagger            |    21 |    48 |     2 |    69 ||   140
       Constrict         |     5 |    14 |     1 |    22 ||    42
       Tentacles         |     1 |     9 |     1 |    21 ||    32
 Fire: Hand crossbow     |    39 |    67 |   342 |   591 ||  1039
Invok: Heroism           |       |       |     1 |       ||     1
Evoke: Wand              |       |       |    19 |    31 ||    50
  Use: Potion            |       |       |     8 |     7 ||    15
       Scroll            |       |       |     6 |    13 ||    19
 Stab: Sleeping          |     9 |     2 |       |     1 ||    12
       Distracted        |     1 |     1 |       |       ||     2
  Eat: Chunk             |     1 |     3 |    15 |    16 ||    35
       Ration            |       |     1 |       |     2 ||     3
Armor: Skin              |     3 |     6 |    11 |     8 ||    28
Dodge: Dodged            |    12 |    58 |   147 |   360 ||   577
Block: Shield            |       |    21 |       |       ||    21
